 Dungeon Sprint DCSS version 0.32-a0-470-g255bbe2f98 (webtiles) character file.

Game seed: 7463097918481052046

112 Conn the Sneak (level 4, 0/27 HPs)
             Began as an Octopode Fire Elementalist on Feb 25, 2024.
             Was a Believer of Sif Muna.
             Shot with an arrow by a centaur (7 damage)
             ... in the Dungeon (Sprint V: "Ziggurat Sprint").
             The game lasted 00:05:59 (161 turns).

Conn the Sneak (Octopode Fire Elementalist)          Turns: 161, Time: 00:06:00

Health: 0/27       AC:  1    Str: 19    XL:     4   Next: 95%
Magic:  3/10       EV: 16    Int: 31    God:    Sif Muna [**....]
Gold:   0          SH:  5    Dex: 24    Spells: 2/12 levels left

rFire   . . .        z - +27 heavy crossbow "Sniper" {heavy, Acc+∞ SInv}
rCold   + . .        (shield currently unavailable)
rNeg    + . .        (helmet restricted)
rPois   .            D - amulet of the Spinneret {Reflect rC+ rN+ SH+5}
rElec   .            s - +6 ring of dexterity
rCorr   .            t - +6 ring of dexterity
SInv    +            u - +6 ring of intelligence
Will    .....        v - +6 ring of intelligence
Stlth   +++++        w - +6 ring of strength
HPRegen 0.24/turn    x - +6 ring of strength
MPRegen 0.12/turn    (no ring)
                     (no ring)

%: no teleportation, reflection
@: no status effects
A: almost no armour, amphibious, 8 rings, camouflage 1, gelatinous body 1,
(nimble swimmer 1), tentacles
a: Renounce Religion, Channel Magic


You were in the Dungeon.
You worshipped Sif Muna.
Sif Muna was pleased with you.
You visited 1 branch

Inventory:

Hand Weapons
 y - the +6 Majin-Bo {spellvamp, MP+6 Int+6}
   (You found it in the Dungeon)

   Int+6:     It affects your intelligence (+6).
   MP+6:      It affects your magic capacity (+6).
 z - the +27 heavy crossbow "Sniper" (weapon) {heavy, Acc+∞ SInv}
   (You found it in the Dungeon)

   Acc+∞: It never misses its target.
   SInv:      It lets you see invisible.
 B - the +7 great mace "Firestarter" {flame, immolate, rFlCloud rF++}
   (You found it in the Dungeon)

   rFlCloud:  It grants immunity to clouds of flame.
   rF++:      It greatly protects you from fire.
 C - the +8 lance "Wyrmbane" {slay drac, rPois rF+ rC+ AC+3}
   (You found it in the Dungeon)

   AC+3:      It affects your AC (+3).
   rF+:       It protects you from fire.
   rC+:       It protects you from cold.
   rPois:     It protects you from poison
Armour
 A - the +18 shield of the Gong {Loud rN+ Will+ rCorr EV-5}
   (You found it in the Dungeon)

   Loud:      It is deafeningly noisy when blocking attacks.
   EV-5:      It affects your evasion (-5).
   rN+:       It protects you from negative energy.
   Will+:     It increases your willpower.
   rCorr:     It protects you from acid and corrosion.
Jewellery
 r - a ring of flight
 s - a +6 ring of dexterity (left tentacle)
 t - a +6 ring of dexterity (right tentacle)
 u - a +6 ring of intelligence (on tentacle)
 v - a +6 ring of intelligence (on tentacle)
 w - a +6 ring of strength (on tentacle)
 x - a +6 ring of strength (on tentacle)
 D - the amulet of the Spinneret (around mantle) {Reflect rC+ rN+ SH+5}
   (You found it in the Dungeon)

   [amulet of reflection]

   Reflect:   It reflects blocked missile attacks.
   rC+:       It protects you from cold.
   rN+:       It protects you from negative energy.
   SH+5:      It affects your SH (+5).
Wands
 p - a wand of mindburst (7)
 q - a wand of quicksilver (7)
Scrolls
 f - 4 scrolls of blinking
 g - 4 scrolls of amnesia
 h - 7 scrolls of fog
 i - 5 scrolls of identify
 j - 2 scrolls of fear
Potions
 a - 8 potions of magic
 b - 10 potions of curing
 c - 10 potions of heal wounds
 d - 6 potions of haste
 e - 3 potions of berserk rage
 k - 2 potions of brilliance
 l - 2 potions of invisibility
 m - 4 potions of resistance
 n - a potion of experience
 o - 5 potions of might


   Skills:
 + Level 4.0 Dodging
 + Level 5.7 Stealth
 * Level 0.0 Shields
 * Level 4.8 Spellcasting
 * Level 4.8 Conjurations
 + Level 0.0 Hexes
 + Level 4.5 Fire Magic
 * Level 0.0 Invocations


You had 2 spell levels left.
You knew the following spells:

 Your Spells              Type           Power      Damage    Failure   Level
a - Foxfire               Conj/Fire      100%       2x1d9     1%          1
b - Scorch                Fire           70%        2d7       1%          2
c - Inner Flame           Hex/Fire       21%        N/A       6%          3
d - Flame Wave            Conj/Fire      36%        2d10      8%          4

Your spell library contained the following spells:

 Spells                   Type           Power      Damage    Failure   Level
 Volatile Blastmotes      Fire/Tloc      42%        2d13      7%          3


Dungeon Overview and Level Annotations

Branches:
Dungeon (1/1)

Altars:
Ashenzari
Cheibriados
Dithmenos
Elyvilon
Fedhas
Gozag
Hepliaklqana
Kikubaaqudgha
Makhleb
Nemelex Xobeh
Okawaru
Qazlal
Ru
Sif Muna
Trog
Uskayaw
Vehumet
Wu Jian
Xom
Yredelemnul
Zin
The Shining One
Beogh
Jiyva
Lugonu

Annotations:
D 1 transporter


Innate Abilities, Weirdness & Mutations

You cannot wear most types of armour.
You are amphibious.
You can wear up to eight rings at the same time.
Your skin changes colour to match your surroundings (Stealth+).
Your rubbery body absorbs attacks. (AC +1, EV +1)
((You are camouflaged when in or above water. (Stealth+)))
You have tentacles for arms and can constrict up to eight enemies at once.


Message History

Casting: Foxfire (safe; 1% risk of failure)
Confirm with . or Enter, or press ? or * to list all spells.
Okay, then.
Unknown command.
Unknown command.
Okay, then.
Unknown command.
Okay, then.
Unknown command.
Unknown command.
Unknown command.
Okay, then.
Okay, then.
Casting: Foxfire (safe; 1% risk of failure)
Confirm with . or Enter, or press ? or * to list all spells.
Casting: Flame Wave (extremely dangerous; 8% risk of failure)
Press: ? - help, Dir - look around, f - activate A wave of flame ripples out!
The flame wave engulfs the centaur.
The centaur is lightly wounded.
The flame wave engulfs the centaur!
The centaur is severely wounded. (Press . to intensify the flame waves.)
The centaur hits you. The centaur kicks you.
The centaur shoots an arrow.
The arrow hits you!
Unknown command.
A wave of flame ripples out!
The flame wave engulfs the centaur.
The centaur is lightly wounded.
The flame wave engulfs the centaur!
The centaur is severely wounded.
The flame wave engulfs the centaur!!
You kill the centaur!
Sif Muna accepts your kill.
The flame wave engulfs the centaur!
The centaur is heavily wounded.
The centaur hits you.
* * * LOW HITPOINT WARNING * * *
The centaur kicks you.
* * * LOW HITPOINT WARNING * * *
The centaur shoots an arrow.
The arrow hits you!
You die...

▓▓▓▓▓▓▓▓▓▓▓▓▓▓▓▓▓▓▓
▓.ß©ß.▓.ß©ß.▓.ß©ß.▓
▓.}|:.▓..)%.▓.....▓
▓..=..▓.....▓.).[.▓
▓.....▓.....▓.....▓
▓..c..▓.....▓.....▓
▓.c.).▓.....▓..©..▓
▓.c@..▓..©..▓▓▓▓▓▓▓
▓▓▓▓▓▓▓▓▓▓▓▓▓


You could see 3 centaurs.

Vanquished Creatures
  A water moccasin (D)
  A centaur (D)
  An adder (D)
  3 bat simulacra (D)
6 creatures vanquished.

Vanquished Creatures (others)
  2 foxfires (D)
2 creatures vanquished.

Grand Total: 8 creatures vanquished

Notes
Turn   | Place    | Note
-------+----------+-------------------------------------------
     0 | D        | Conn the Octopode Fire Elementalist began the quest for the
                  | Orb.
     0 | D        | Reached XP level 1. HP: 11/11 MP: 3/3
     2 | D        | Found a blossoming altar of Fedhas.
     2 | D        | Found the +6 Majin-Bo {spellvamp, MP+6 Int+6}
     2 | D        | Found the +27 heavy crossbow "Sniper" {heavy, Acc+∞ SInv}
     2 | D        | Found the +10 dark maul {heavy}
     2 | D        | Found the +15 Maxwell's patent armour {-Cast -Tele rElec
                  | Will+ rCorr}
     2 | D        | Found the +18 shield of the Gong {Loud rN+ Will+ rCorr
                  | EV-5}
     2 | D        | Found the +16 obsidian axe {drain, demonic, Mesm ^Drain Fly
                  | SInv}
     2 | D        | Found the +7 great mace "Firestarter" {flame, immolate,
                  | rFlCloud rF++}
     2 | D        | Found the +6 shillelagh "Devastator" {shatter}
     2 | D        | Found the +11 plutonium sword {^Contam Stlth-}
     2 | D        | Found the +8 lance "Wyrmbane" {slay drac, rPois rF+ rC+
                  | AC+3}
     2 | D        | Found the +9 sword of Zonguldrok {reap}
     2 | D        | Found the +13 scythe of Curses {drain, curses, ^Drain}
     2 | D        | Found the +9 sword of Power {lifebolt}
     2 | D        | Found the +7 mace of Variability {chaos, chaos arc}
     2 | D        | Found the +11 Singing Sword {sonic wave}
     2 | D        | Found the +8 storm bow {elec, penet}
     3 | D        | Found a viscous altar of Jiyva.
     3 | D        | Found a hazy altar of Hepliaklqana.
     3 | D        | Found a transporter.
     3 | D        | Found an opulent altar of Gozag.
     3 | D        | Found an ancient bone altar of Kikubaaqudgha.
     3 | D        | Found a corrupted altar of Lugonu.
    14 | D        | Found a burning altar of Makhleb.
    15 | D        | Found a sacrificial altar of Ru.
    15 | D        | Found a shimmering blue altar of Sif Muna.
    15 | D        | Found a stormy altar of Qazlal.
    15 | D        | Found a bloodstained altar of Trog.
    15 | D        | Found an iron altar of Okawaru.
    15 | D        | Found a sparkling altar of Nemelex Xobeh.
    15 | D        | Banished a spatial maelstrom
    45 | D        | Became a worshipper of Sif Muna the Loreminder
    56 | D        | Entered arena 2.
    56 | D        | Noticed a water moccasin
    56 | D        | Found a transporter.
    57 | D        | Killed a water moccasin
    58 | D        | Reached skill level 5 in Stealth
    58 | D        | Reached XP level 2. HP: 17/17 MP: 3/7
    58 | D        | Reached XP level 3. HP: 21/21 MP: 3/9
    58 | D        | Reached XP level 4. HP: 27/27 MP: 3/10
   117 | D        | Learned a level 2 spell: Scorch
   121 | D        | Learned a level 3 spell: Inner Flame
   126 | D        | Learned a level 4 spell: Flame Wave
   133 | D        | Entered arena 3.
   133 | D        | Found a transporter.
   135 | D        | Reached * piety under Sif Muna
   141 | D        | Got the amulet of the Spinneret {Reflect rC+ rN+ SH+5}
   157 | D        | Entered arena 4.
   157 | D        | Noticed a centaur
   157 | D        | Noticed a centaur
   157 | D        | Noticed a centaur
   157 | D        | Noticed a centaur
   157 | D        | Found a transporter.
   161 | D        | Killed a centaur
   161 | D        | Reached ** piety under Sif Muna
   161 | D        | Shot with an arrow by a centaur

Illustrated notes

Levels and vault maps discovered:
D:        sprint_v [room_start, room_1, room_2, room_3, room_4, room_5, room_6,
          room_7, room_8, room_9, room_10, room_11, room_12, room_13, room_14,
          room_15, room_16, room_17, room_18, room_19, room_20, room_21,
          room_22, room_23, room_24, room_25, room_26, room_27]

Skill      XL: |  1  2  3  4 |
---------------+-------------+-----
Dodging        | 3 4 |  4.0
Stealth        | 5 |  5.7
Spellcasting   | 4 |  4.8
Conjurations   | 4 |  4.8
Fire Magic     | 4 |  4.5

Action                     |  1- 3 |  4- 6 || total
---------------------------+-------+-------++-------
   Fire: Heavy crossbow    |     1 |     2 ||     3
   Cast: Foxfire           |       |     2 ||     2
         Inner Flame       |       |     1 ||     1
         Flame Wave        |       |     1 ||     1
 Armour: Skin              |       |     6 ||     6
  Dodge: Dodged            |     4 |     4 ||     8

Table legend: (Time is in decaauts)
 A = Elapsed time spent in this place.
 B = Non-inter-level travel time spent in this place.
 C = Inter-level travel time spent in this place.
 D = Time resting spent in this place.
 E = Time spent auto-exploring this place.
 F = Levels seen in this place.
 G = Mean time per level.
                   A        B        C        D        E       F      G
               +--------+--------+--------+--------+--------+-----+--------+
         Total |    165 |    165 |      0 |     55 |      0 |   1 |  165.0 |
       Dungeon |    165 |    165 |      0 |     55 |      0 |   1 |  165.0 |
               +--------+--------+--------+--------+--------+-----+--------+

Top non-repeatable levels by time:
       D: 165 daAuts
